 Dungeon Crawl Stone Soup version 0.30.1-11-g7821555f0a (webtiles) character file.

Game seed: 7648582184758518237

43 hellfireifrit the Ruffian (level 3, 0/28 HPs)
             Began as a Draconian Transmuter on Nov 13, 2023.
             Killed from afar by Natasha (6 damage)
             ... with a magic dart
             ... on level 3 of the Dungeon.
             The game lasted 00:15:48 (2030 turns).

hellfireifrit the Ruffian (Draconian Transmuter)    Turns: 2030, Time: 00:15:49

Health: 0/28       AC:  5    Str: 13 (14) XL:     3   Next: 37%
Magic:  5/6        EV: 12    Int: 12 (13) God:
Gold:   115        SH:  0    Dex:  8 (11) Spells: 3/6 levels left

rFire   . .          .
                       - Unarmed
rCold   . . .        (no shield)
rNeg    . . .        (body armour unavailable)
rPois   .            (helmet currently unavailable)
rElec   .            (no cloak)
rCorr   .            (no gloves)
SInv    .            (boots currently unavailable)
Will    .....        (no amulet)
Stlth   +            (no ring)
HPRegen 0.24/turn    (no ring)
MPRegen 0.10/turn

%: no passive effects
@: appendages (expiring)
A: horns 2, talons 2, AC +5, unfitting armour, cold-blooded
a: End Transformation


You were on level 3 of the Dungeon.
You had temporarily grown beastly horns and talons.
You visited 1 branch of the dungeon, and saw 3 of its levels.

You collected 115 gold pieces.

Inventory:

Hand Weapons
 d - a +0 short sword
 t - a +2 short sword of venom
Armour
 b - a +0 barding
 c - a +0 ring mail
 s - a +0 scale mail
Magical Staves
 u - a staff of death
 v - a staff of earth
Jewellery
 k - a ring of ice
Scrolls
 f - 2 scrolls of immolation {unknown}
 g - 5 scrolls of identify {unknown}
 i - a scroll of fear {unknown}
 m - a scroll of butterflies {unknown}
 n - a scroll of fog {unknown}
 o - 3 scrolls of magic mapping {unknown}
 p - a scroll of blinking {unknown}
 q - a scroll of enchant armour {unknown}
 r - a scroll of enchant weapon {unknown}
Potions
 a - a potion of lignification
 e - a potion of curing
 h - 3 potions of might {unknown}
 j - 2 potions of attraction {unknown}
 l - 2 potions of heal wounds {unknown}


   Skills:
 + Level 1.1 Fighting
 + Level 2.0 Dodging
 + Level 4.1 Unarmed Combat
 + Level 2.2 Spellcasting
 + Level 2.1 Transmutations


You had 3 spell levels left.
You knew the following spells:

 Your Spells              Type           Power      Damage    Failure   Level
a - Beastly Appendage     Tmut           12%        N/A       11%         1
b - Wereblood             Tmut           6%         N/A       17%         2

Your spell library contained the following spells:

 Spells                   Type           Power      Damage    Failure   Level
 Lesser Beckoning         Tloc           2%         N/A       38%         2
 Spider Form              Tmut/Pois      3%         N/A       45%         3
 Dazzling Flash           Conj/Hex       2%         N/A       63%         3
 Gell's Gravitas          Tloc           1%         N/A       63%         3
 Teleport Other           Tloc           1%         N/A       63%         3
 Ice Form                 Ice/Tmut       3%         N/A       86%         4
 Agony                    Necr           1%         N/A       100%        5
 Silence                  Hex/Air        0%         N/A       100%        5


Dungeon Overview and Level Annotations

Branches:
Dungeon (3/15)

Altars:
Zin

Annotations:
D:3 Natasha, Sigmund


Innate Abilities, Weirdness & Mutations

You have temporarily grown beastly horns and talons.
Your plain brown scales are hard. (AC +5)
You cannot fit into any form of body armour.
You are cold-blooded and may be slowed by cold attacks.


Message History

Found 8 stones.
Found a stone staircase leading up.
Natasha, Servant of Life and Death comes into view.
Natasha hisses angrily.
Natasha stares at you and mumbles some strange words.
The magic dart hits you.
Natasha mumbles some strange words.
Natasha stares at you and mumbles some strange words.
The magic dart hits you.
Casting: Beastly Appendage (safe; 11% risk of failure)
Confirm with . or Enter, or press ? or * to list all spells.
You grow a pair of large bovine horns.
Your feet morph into talons.
Your transformation is almost over.
You hit Natasha. Your kick misses Natasha.
Natasha is moderately wounded.
Natasha closely misses you.
The cerulean imp hits you from afar with a +2 spear.
You barely miss Natasha.
Natasha is moderately wounded.
Natasha claws you.
The cerulean imp hits you from afar with a +2 spear.
You miss Natasha. You headbutt Natasha, but do no damage.
Natasha is moderately wounded.
Natasha claws you. The cerulean imp completely misses you.
You punch Natasha! Your kick misses Natasha.
Natasha is severely wounded.
Natasha stares at you and mumbles some strange words.
The magic dart hits you.
* * * LOW HITPOINT WARNING * * *
The cerulean imp hits you but does no damage.
You barely miss Natasha.
Natasha is severely wounded.
Natasha casts a spell.
The cerulean imp hits you from afar with a +2 spear.
* * * LOW HITPOINT WARNING * * *
You barely miss Natasha. You claw Natasha. Your headbutt misses Natasha.
Natasha is almost dead.
Natasha stares at you and mumbles some strange words.
The magic dart hits you.
You die...

#.# #.# ######
#.#### ##....##
#....###......##
#.#....##......###
#.##....##.......#
#.###.55.##....#.#
#.# ##.h..##.....#
#.#####@...##....#
#...........###..#
..............###.#
##..#########.# #.#
#. ####.# #.#
##....# #.# #.....#
#.#### #.....#
#....# #.....#
####.#


You could see Natasha and 2 cerulean imps.

Vanquished Creatures
  A worm (D:2)
  A dart slug (D:3)
  An orc (D:3)
  2 ball pythons (D:1)
  2 endoplasms (D:3)
  3 goblins
  3 hobgoblins
  4 jackals (D:2)
  2 quokkas
  4 bats
  3 frilled lizards
  2 kobolds (D:1)
  7 rats
35 creatures vanquished.

Notes
Turn   | Place    | Note
-------+----------+-------------------------------------------
     0 | D:1      | hellfireifrit the Draconian Transmuter began the quest for
                  | the Orb.
     0 | D:1      | Reached XP level 1. HP: 16/16 MP: 3/3
   191 | D:1      | Reached XP level 2. HP: 21/23 MP: 5/5
   578 | D:2      | Found a glowing silver altar of Zin.
  1207 | D:2      | Reached XP level 3. HP: 27/28 MP: 6/6
  1223 | D:2      | Learned a level 2 spell: Wereblood
  1480 | D:3      | Reached skill level 4 in Unarmed Combat
  1728 | D:3      | Noticed Sigmund
  2012 | D:3      | Noticed Natasha
  2030 | D:3      | Killed from afar by Natasha

Illustrated notes

Levels and vault maps discovered:
D:1:      scummos_arrival_forest, layout_loops_ring
D:2:      layout_loops_ring, basic_altar
D:3:      layout_loops_ring, chequers_jeans, chequers_garden,
          nrook_mini_backslash, uniq_natasha, uniq_sigmund

Skill      XL: |  1  2  3 |
---------------+----------+-----
Dodging        | 2 |  2.0
Unarmed Combat | 4 |  4.1
Fighting       | |  1.1
Spellcasting   | |  2.2
Transmutations | |  2.1

Action                     || total
---------------------------++-------
  Melee: Unarmed           ||   129
         Tailslap          ||     8
         Kick              ||     9
         Punch             ||     2
         Headbutt          ||     2
   Cast: Beastly Appendage ||     5
    Use: Potion            ||     2
 Armour: Skin              ||    39
  Dodge: Dodged            ||    77
